 Dungeon Crawl Stone Soup version 0.18.1-48-g4cf74bf (webtiles) character file.

700 zultag the Grave Robber (level 7, 0/48 HPs)
             Began as a Human Necromancer on Sept 2, 2016.
             Was a Priest of Makhleb.
             Slain by a gnoll
             ... wielding a +0 club
              (6 damage)
             ... on level 5 of the Dungeon on Sept 3, 2016.
             The game lasted 02:09:46 (5774 turns).

zultag the Grave Robber (Human Necromancer)         Turns: 5774, Time: 02:09:47

Health: 0/48       AC:  2    Str:  8    XL:     7   Next: 98%
Magic:  11/14      EV: 13    Int: 18    God:    Makhleb [***...]
Gold:   169        SH:  0    Dex: 13    Spells: 6 memorised, 0 levels left

rFire  . . .     SeeInvis .     G - +2 dagger (pain)
rCold  . . .     Gourm    .     n - +0 robe
rNeg   . . .     Faith    .     (no shield)
rPois  .         Spirit   .     (no helmet)
rElec  .         Dismiss  .     (no cloak)
rCorr  .         Reflect  .     (no gloves)
SustAt .         Harm     .     (no boots)
MR     .....                    (no amulet)
Stlth  ++........               (no ring)
                                (no ring)

@: not resistant to hostile enchantments, unstealthy
A: no striking features
a: Minor Destruction, Lesser Servant of Makhleb, Renounce Religion


You were on level 5 of the Dungeon.
You worshipped Makhleb.
Makhleb was most pleased with you.
You were not hungry.

You visited 1 branch of the dungeon, and saw 6 of its levels.

You collected 169 gold pieces.

Inventory:

Hand Weapons
 d - a +0 spear
 e - a +0 short sword
 i - a +0 spear
 k - a +0 hunting sling
 m - a +0 dagger
 o - a +0 long sword
 s - a +0 whip
 G - a +2 dagger of pain (weapon)
Missiles
 f - 11 stones
 h - 50 bolts
 r - 48 sling bullets
 w - a curare-tipped needle (quivered)
 D - a javelin
Armour
 a - a +0 robe
 j - a +0 robe
 l - a +0 robe
 n - a +0 robe (worn)
 p - a +0 ring mail
 q - a +0 scale mail
 t - a +0 leather armour
 u - a +0 robe
 F - a +0 robe
Wands
 A - a wand of iceblast (1/15)
Scrolls
 c - a scroll of fear
 g - 2 scrolls of enchant weapon {unknown}
 v - 2 scrolls of noise {unknown}
 y - a scroll of random uselessness {unknown}
 z - a scroll of amnesia
 C - 3 scrolls of remove curse {unknown}
Potions
 x - a potion of cure mutation {unknown}
 B - a potion of cancellation {unknown}
 H - a potion of curing
 L - a potion of brilliance
Books
 b - a book of Necromancy

   Spells                             Type                      Level
   a - Pain                           Necromancy                   1
   b - Animate Skeleton               Necromancy                   1
   c - Vampiric Draining              Necromancy                   3
   d - Regeneration                   Charms/Necromancy            3
   e - Animate Dead                   Necromancy                   4
   f - Control Undead                 Necromancy                   4
 K - Sif Muna's Tome of Slavery
   (You found it on level 5 of the Dungeon)

   Spells                             Type                      Level
   a - Summon Small Mammal            Summoning                    1
Comestibles
 E - 2 chunks of flesh
 I - a bread ration
 J - a beef jerky


   Skills:
 + Level 1.2 Fighting
 + Level 0.4 Polearms
 + Level 0.8(1.2) Slings
 + Level 1.3(1.4) Throwing
 + Level 3.4 Dodging
 + Level 2.1 Stealth
 + Level 5.1 Spellcasting
 + Level 0.4 Charms
 + Level 6.1 Necromancy


You couldn't memorise any spells.
You knew the following spells:

 Your Spells              Type           Power        Failure   Level  Hunger
a - Pain                  Necr           ####         1%          1    None
b - Animate Skeleton      Necr           N/A          1%          1    None
c - Regeneration          Chrm/Necr      ###.......   12%         3    ##.....
d - Animate Dead          Necr           N/A          14%         4    ####...
e - Control Undead        Necr           ####......   14%         4    ####...
f - Vampiric Draining     Necr           ####......   3%          3    ##.....


Dungeon Overview and Level Annotations

Branches:
Dungeon (6/15)             Temple (0/1) D:5

Altars:
Dithmenos
Kikubaaqudgha
Makhleb
Nemelex Xobeh
Sif Muna
Vehumet

Annotations:
D:3 Natasha
D:4 glosham's ghost, novice VSAK


Message History

You barely miss the gnoll. The gnoll hits you with a club.
You hit the gnoll.
The gnoll writhes in agony.
The gnoll is lightly wounded.
Something hits you. Something shocks you.
* * * LOW HITPOINT WARNING * * *
The gnoll barely misses you.
Casting: Pain
Confirm with . or Enter, or press ? or * to list all spells.
Aiming: Vampiric Draining
Press: ? - help, Shift-Dir - straight line, f - gnoll
Aim: a gnoll, wielding a club (lightly wounded)
The gnoll is heavily wounded.
You feel life coursing into your body. Something hits you.
* * * LOW HITPOINT WARNING * * *
Something shocks you.
* * * LOW HITPOINT WARNING * * *
You hit the gnoll.
The gnoll writhes in agony.
The gnoll is severely wounded.
The gnoll hits you with a club.
You die...

.. ##.. ...# ....###..#
#... #........##
#..##.........#
##.......####..## #
#.......# ##..).## ##.
##....... ##......###...
........###......(......
.......@)...♣.♣.........
........g....>........(.
.......##...♣.♣.........
...#..# ###.............
.. #.. ##...##......# .
...# #..####..#### ...#
#..# #..# ..$ #..## #..#
#.. ##.##


You could see a gnoll.

Vanquished Creatures
  2 jellies (D:5)
  5 hounds
  A giant frog skeleton (D:4)
  2 orc priests
  5 orc wizards (D:4)
  Jessica (D:2)
  Natasha (D:3)
  3 worker ants
  A hound skeleton (D:4)
  5 adders
  2 gnolls (D:5)
  A shadow imp (D:5)
  An ooze (D:1)
  An adder skeleton (D:5)
  3 worms (D:3)
  2 giant geckos
  14 orcs
  A giant cockroach (D:5)
  8 goblins
  3 hobgoblins
  5 kobolds
  4 quokkas
  A ball python zombie (D:5)
  5 bats
  4 giant newts
  4 rats
85 creatures vanquished.

Vanquished Creatures (collateral kills)
  A water moccasin skeleton (D:4)
  An orc wizard (D:3)
  A gnoll (D:5)
  A dart slug (D:4)
  A giant gecko (D:3)
  4 orcs
  A bat (D:3)
  3 giant cockroaches
  A hobgoblin (D:3)
  3 quokkas
  A ball python (D:3)
  A giant newt (D:2)
  2 goblins (D:3)
  3 rats (D:3)
24 creatures vanquished.

Grand Total: 109 creatures vanquished

Notes
Turn   | Place    | Note
--------------------------------------------------------------
     0 | D:1      | zultag the Human Necromancer began the quest for the Orb.
     0 | D:1      | Reached XP level 1. HP: 13/13 MP: 3/3
     3 | D:1      | Learned a level 1 spell: Animate Skeleton
   115 | D:1      | Reached XP level 2. HP: 11/19 MP: 5/5
   791 | D:1      | Learned a level 1 spell: Pain
   854 | D:2      | Found a faded altar to an unknown god.
   879 | D:2      | Became a worshipper of Makhleb the Destroyer
   879 | D:2      | Reached * piety under Makhleb
   977 | D:2      | Reached XP level 3. HP: 8/24 MP: 0/6
  1314 | D:2      | Found a shadowy altar of Dithmenos.
  1360 | D:2      | Noticed Jessica
  1365 | D:2      | Killed Jessica
  1365 | D:2      | Reached XP level 4. HP: 27/30 MP: 3/8
  2090 | D:2      | HP: 1/31 [poisoned by an adder]
  2397 | D:2      | Learned a level 3 spell: Regeneration
  2402 | D:2      | Learned a level 4 spell: Animate Dead
  2594 | D:3      | Reached ** piety under Makhleb
  2691 | D:3      | Reached XP level 5. HP: 36/36 MP: 9/9
  3276 | D:3      | Noticed Natasha
  3287 | D:3      | Killed Natasha
  3287 | D:3      | Reached skill level 5 in Necromancy
  3565 | D:3      | Noticed Natasha
  3995 | D:4      | Reached XP level 6. HP: 42/42 MP: 7/11
  4052 | D:4      | Noticed glosham's ghost (novice VSAK)
  4214 | D:4      | Found a sparkling altar of Nemelex Xobeh.
  4303 | D:4      | Learned a level 4 spell: Control Undead
  4320 | D:4      | Found a burning altar of Makhleb.
  4328 | D:4      | Reached skill level 1 in Fighting
  4577 | D:4      | Reached *** piety under Makhleb
  4577 | D:4      | Reached XP level 7. HP: 43/48 MP: 4/13
  4772 | D:4      | Reached skill level 1 in Throwing
  5248 | D:5      | Entered Level 5 of the Dungeon
  5551 | D:5      | Reached skill level 5 in Spellcasting
  5551 | D:5      | Reached skill level 6 in Necromancy
  5618 | D:5      | Found an ancient bone altar of Kikubaaqudgha.
  5628 | D:5      | Found a deep blue altar of Sif Muna.
  5630 | D:5      | Found a radiant altar of Vehumet.
  5644 | D:5      | Identified Sif Muna's Tome of Slavery
  5649 | D:5      | Learned a level 3 spell: Vampiric Draining
  5708 | D:5      | Found a staircase to the Ecumenical Temple.
  5774 | D:5      | Slain by a gnoll

Skill      XL: |  1  2  3  4  5  6  7 |
---------------+----------------------+-----
Spellcasting   | 3 4 5 |  5.1
Necromancy     | 5 6 |  6.1
Fighting       | 1 |  1.2
Dodging        | 3 |  3.4
Throwing       | 1 |  1.3
Polearms       | |  0.4
Slings         | |  0.8
Stealth        | |  2.1
Charms         | |  0.4

Action                   |  1- 3 |  4- 6 |  7- 9 || total
-------------------------+-------+-------+-------++-------
Melee: Spear             |    36 |    11 |       ||    47
       Dagger            |       |       |    86 ||    86
 Fire: Hunting sling     |       |    12 |       ||    12
Throw: Javelin           |       |     6 |    18 ||    24
       Stone             |       |       |     4 ||     4
 Cast: Pain              |    24 |    82 |    17 ||   123
       Animate Skeleton  |     6 |    16 |     5 ||    27
       Animate Dead      |       |    14 |     5 ||    19
       Regeneration      |       |     3 |     5 ||     8
       Control Undead    |       |     4 |    11 ||    15
       Vampiric Draining |       |       |     1 ||     1
Evoke: Wand              |       |     1 |     1 ||     2
  Use: Potion            |     3 |     2 |       ||     5
       Scroll            |     3 |     3 |     1 ||     7
  Eat: Bread ration      |     1 |     1 |     1 ||     3
       Fruit             |       |     2 |       ||     2
       Meat ration       |       |     1 |     1 ||     2
Armor: Robe              |     2 |     9 |     8 ||    19
Dodge: Dodged            |    29 |    47 |    53 ||   129
